 Dungeon Crawl Stone Soup version 0.28-a0-390-gb254ac4902 (webtiles) character file.

Game seed: 3716290292465863855

4510 omnomnOMINOUS the Spear-Bearer (level 10, -2/64 HPs)
             Began as an Octopode Wanderer on Sept 4, 2021.
             Was a Priest of Hepliaklqana.
             Slain by a tengu warrior (4 damage)
             ... on level 8 of the Dungeon.
             The game lasted 00:22:43 (7280 turns).

omnomnOMINOUS the Spear-Bearer (Octopode Wanderer)  Turns: 7280, Time: 00:22:44

Health: -2/64      AC:  1    Str: 10    XL:     10   Next: 39%
Magic:  15/16      EV: 18    Int: 23    God:    Hepliaklqana [***...]
Gold:   756        SH:  5    Dex: 20    Spells: 15/17 levels left

rFire   . . .      SeeInvis .   a - +5 spear (vamp)
rCold   + . .      Faith    .   (no shield)
rNeg    . . .      Spirit   .   (helmet restricted)
rPois   .          Reflect  +   p - amulet of reflection
rElec   .          Harm     .   m - ring of protection from cold
rCorr   .          Rampage  .   l - +6 ring of intelligence
Will    +....                   C - ring of willpower
Stlth   ++++......              j - +6 ring of dexterity
HPRegen 0.20/turn               (no ring)
MPRegen 0.15/turn               (no ring)
                                (no ring)
                                (no ring)

@: wereblooded
A: reduced essence, almost no armour, amphibious, 8 rings, camouflage 1,
gelatinous body 1, (nimble swimmer 1), tentacles
a: Renounce Religion, Recall Ancestor, Ancestor Identity, Transference


You were on level 8 of the Dungeon.
You worshipped Hepliaklqana.
Hepliaklqana was most pleased with you.
You visited 1 branch of the dungeon, and saw 8 of its levels.

You collected 846 gold pieces.
You spent 90 gold pieces at shops.

Inventory:

Hand Weapons
 a - a +5 vampiric spear (weapon)
 b - a +0 hand crossbow
 c - a +5 dagger
 u - a +1 whip of freezing
 x - a +1 dagger of venom
Missiles
 d - 25 bolts
 w - 7 atropa-tipped darts (quivered)
 y - 6 silver javelins
 H - a curare-tipped dart
Jewellery
 j - a +6 ring of dexterity (on tentacle)
 l - a +6 ring of intelligence (right tentacle)
 m - a ring of protection from cold (left tentacle)
 p - an amulet of reflection (around mantle)
 C - a ring of willpower (on tentacle)
Wands
 n - a wand of polymorph (10)
 s - a wand of flame (21)
 I - a wand of acid (3)
Scrolls
 g - 5 scrolls of identify
 o - 3 scrolls of noise
 F - a scroll of fog {unknown}
 J - a scroll of magic mapping
Potions
 h - 2 potions of curing
 k - a potion of flight {unknown}
 r - a potion of cancellation
 v - a potion of degeneration {unknown}
 z - a potion of brilliance {unknown}
 A - a potion of berserk rage {unknown}
 B - a potion of attraction
 E - a potion of mutation {unknown}
 G - a potion of invisibility {unknown}


   Skills:
 + Level 7.7 Fighting
 * Level 8.5 Polearms
 - Level 2.0 Crossbows
 + Level 7.4 Dodging
 - Level 5.3 Stealth
 - Level 4.0 Spellcasting
 - Level 4.0 Transmutations


You had 15 spell levels left.
You knew the following spells:

 Your Spells              Type           Power      Damage    Failure   Level
a - Wereblood             Tmut           23%        N/A       3%          2

Your spell library contained the following spells:

 Spells                   Type           Power      Damage    Failure   Level
 Beastly Appendage        Tmut           46%        N/A       1%          1
 Corona                   Hex            4%         N/A       11%         1
 Spider Form              Tmut/Pois      6%         N/A       14%         3
 Corpse Rot               Necr/Air       N/A        N/A       16%         2
 Ensorcelled Hibernation  Hex/Ice        8%         N/A       16%         2
 Poisonous Vapours        Pois/Air       8%         N/A       16%         2
 Static Discharge         Conj/Air       4%         N/A       16%         2
 Tukima's Dance           Hex            4%         N/A       30%         3
 Dispel Undead            Necr           4%         3d7       71%         4
 Sticky Flame             Conj/Fire      4%         2d3       71%         4
 Freezing Cloud           Conj/Ice/Air   2%         6-21      96%         5
 Metabolic Englaciation   Hex/Ice        2%         N/A       96%         5
 Haunt                    Necr/Summ      2%         N/A       100%        7


Dungeon Overview and Level Annotations

Branches:
Dungeon (8/15)             Temple (0/1) D:5
   Lair: D:8-11

Altars:
Hepliaklqana
Qazlal
Zin

Shops:
D:4 (

Annotations:
D:8 2 runed translucent doors


Innate Abilities, Weirdness & Mutations

Your life essence is reduced to manifest your ancestor. (-10% HP)
You cannot wear most types of armour.
You are amphibious.
You can wear up to eight rings at the same time.
Your skin changes colour to match your surroundings (Stealth+).
Your rubbery body absorbs attacks. (AC +1, EV +1)
((You are camouflaged near water. (Stealth+)))
You have tentacles for arms and can constrict up to eight enemies at once.


Message History

The tengu warrior is heavily wounded.
You constrict the tengu warrior. You block the tengu warrior's attack.
The tengu warrior pecks you. The tengu warrior claws you.
You hit the tengu warrior.
The tengu warrior is heavily wounded.
You constrict the tengu warrior. The tengu warrior closely misses you.
The tengu warrior completely misses you.
The tengu warrior barely misses you. The tengu warrior blocks your attack.
The tengu warrior is heavily wounded.
You constrict the tengu warrior.
You hit the tengu warrior but do no damage.
The tengu warrior is severely wounded.
You constrict the tengu warrior.
The tengu warrior hits you with a +0 war axe!
* * * LOW HITPOINT WARNING * * *
The tengu warrior pecks you.
* * * LOW HITPOINT WARNING * * *
The tengu warrior claws you but does no damage.
The tengu warrior blocks your attack.
The tengu warrior is severely wounded.
You constrict the tengu warrior.
The tengu warrior hits you with a +0 war axe.
* * * LOW HITPOINT WARNING * * *
The tengu warrior pecks you.
* * * LOW HITPOINT WARNING * * *
You block the tengu warrior's attack.
Okay, then.
Unknown command.
Unknown command.
You hit the tengu warrior.
The tengu warrior is severely wounded.
You constrict the tengu warrior. You hit the tengu warrior.
You feel better.
The tengu warrior is almost dead.
You constrict the tengu warrior. The tengu warrior closely misses you.
The tengu warrior pecks you!
* * * LOW HITPOINT WARNING * * *
The tengu warrior claws you.
You die...

.........#####,,,,..+,,,*,,,,,,*
.$......##...##8,,..*,,,*,,,,,,*
.......##..(..##,,..#####,,,,,,*
.......#..)....###,'#...##,,,,,*
.......#..)).....###.....##,,,,*
....$#.#..)....#..#.(.....#,,,,*
##.....##......##.........#,,<,*
#*##....##.....Q###..†....#*,***
# *#.#.*#####..@###.).†.##*,,***
# *..,,,,**##...###)..##,**,,,,
****,,*,,,,##.+#,#####,,**,,,,
****,,,*,,**,,,###o.,,,,,,***,,,,
,,,*,,,**,,,,,,,,,oo,,,,*****,,,,
.,,,,,,,,,,,,,,,,,...,,,,,<,,,,,,
,***,,,**,,,,,,,,,####*******,,,,
** *,,,****,,,,,,,* *,,,, *,,,**
*,*********** *,,,,


You could see a tengu warrior (corroded), an orc warrior and 2 orcs.

Vanquished Creatures
  A centaur warrior (D:8)
  Pikel (D:4)
  A centaur zombie (D:6)
  A wyvern (D:8)
  A yak (D:8)
  An orc warrior (D:5)
  A hornet zombie (D:6)
  3 ogres
  A phantom (D:2)
  A bullfrog (D:7)
  2 killer bees (D:7)
  A wight (D:7)
  A bullfrog zombie (D:6)
  2 hounds
  An orc priest (D:5)
  2 bullfrog skeletons (D:6)
  A gnoll shaman (D:6)
  An orc wizard (D:5)
  A killer bee zombie (D:8)
  4 gnolls
  A howler monkey skeleton (D:7)
  4 adders
  A shadow imp (D:8)
  An adder skeleton (D:4)
  4 worms
  A dart slug (D:1)
  9 orcs
  9 ball pythons
  7 endoplasms
  6 giant cockroaches
  9 hobgoblins
  2 jackals (D:4)
  8 kobolds
  4 quokkas
  3 bats
  A frilled lizard (D:1)
  7 goblins
  3 rats
108 creatures vanquished.

Vanquished Creatures (collateral kills)
  An orc warrior (D:8)
  2 centaurs
  A kobold brigand (D:7)
  A bullfrog (D:8)
  2 scorpions
  A gnoll sergeant (D:8)
  4 water moccasin skeletons
  A jelly (D:5)
  9 wights
  2 killer bees
  A howler monkey (D:5)
  A bullfrog zombie (D:5)
  A hound (D:5)
  2 centaur zombies (D:7)
  Crazy Yiuf (D:6)
  An iguana (D:4)
  An orc wizard (D:8)
  A hound zombie (D:5)
  7 gnolls
  3 adders
  2 shadow imps (D:5)
  2 white imps (D:7)
  An adder skeleton (D:4)
  A worm (D:5)
  A dart slug (D:5)
  7 orcs
  2 goblins (D:2)
  A ball python (D:2)
  A bat (D:2)
  2 rats (D:2)
63 creatures vanquished.

Vanquished Creatures (others)
  5 battlemagi
  2 ancestors
7 creatures vanquished.

Grand Total: 178 creatures vanquished

Notes
Turn   | Place    | Note
-------+----------+-------------------------------------------
     0 | D:1      | omnomnOMINOUS the Octopode Wanderer began the quest for the
                  | Orb.
     0 | D:1      | omnomnOMINOUS set off with the following items: a +2 spear,
                  | a potion of lignification, a +0 hand crossbow, 22 bolts, a
                  | +0 dagger
     0 | D:1      | Reached XP level 1. HP: 14/14 MP: 1/1
    94 | D:1      | Reached XP level 2. HP: 18/19 MP: 2/2
   368 | D:1      | Found a faded altar of an unknown god.
   377 | D:1      | Became a worshipper of Hepliaklqana the Forgotten
   377 | D:1      | Reached * piety under Hepliaklqana
   415 | D:1      | Reached XP level 3. HP: 12/22 MP: 3/3
  1250 | D:2      | Learned a level 2 spell: Wereblood
  1287 | D:2      | Reached skill level 2 in Polearms
  1775 | D:2      | Reached XP level 4. HP: 27/27 MP: 4/4
  1810 | D:2      | Noticed a phantom
  1855 | D:2      | Killed a phantom
  1856 | D:2      | Reached skill level 1 in Spellcasting
  1856 | D:2      | Reached skill level 1 in Transmutations
  1856 | D:2      | Reached XP level 5. HP: 7/32 MP: 4/6
  2689 | D:3      | Reached ** piety under Hepliaklqana
  2690 | D:3      | Remembered your ancestor omcestor as a battlemage
  3137 | D:3      | Noticed an ogre
  3142 | D:3      | Killed an ogre
  3143 | D:3      | Reached XP level 6. HP: 38/38 MP: 7/9
  3345 | D:4      | Noticed Pikel
  3397 | D:4      | Killed Pikel
  3398 | D:4      | Reached XP level 7. HP: 44/44 MP: 9/11
  3569 | D:4      | Reached XP level 8. HP: 48/48 MP: 11/13
  3677 | D:4      | Found Nusopy's Weapon Shoppe.
  3844 | D:5      | Entered Level 5 of the Dungeon
  3879 | D:5      | You fall into a shaft and drop 3 floors!
  3888 | D:8      | Identified a scroll of acquirement
  3902 | D:8      | Noticed a wyvern
  3908 | D:8      | Found a runed translucent door.
  3920 | D:7      | Reached skill level 5 in Fighting
  4277 | D:7      | Acquired 462 gold pieces
  4484 | D:6      | Reached skill level 4 in Polearms
  4484 | D:6      | Reached skill level 5 in Dodging
  4639 | D:6      | Reached *** piety under Hepliaklqana
  4671 | D:6      | Found a runed translucent door.
  4672 | D:6      | Noticed Crazy Yiuf
  4774 | D:5      | Reached XP level 9. HP: 55/55 MP: 15/15
  4943 | D:5      | Reached skill level 5 in Polearms
  5452 | D:5      | Found a stormy altar of Qazlal.
  5539 | D:5      | Found a staircase to the Ecumenical Temple.
  5546 | D:5      | Got the Guide on Stolen Souls and Ice
  5559 | D:5      | Acquired a +6 ring of dexterity
  5685 | D:6      | Reached skill level 6 in Polearms
  5917 | D:6      | Identified the +0 pair of gloves of Tartarus {Rampage Str+2
                  | Stlth+}
  6276 | D:6      | Killed Crazy Yiuf
  6516 | D:7      | Found Zin's Purification Station.
  6524 | D:7      | Found a glowing silver altar of Zin.
  6527 | D:7      | Bought a potion of curing for 90 gold pieces
  6751 | D:7      | Reached skill level 7 in Polearms
  7034 | D:8      | Reached XP level 10. HP: 63/63 MP: 16/16
  7077 | D:8      | Found a runed translucent door.
  7097 | D:8      | Noticed a centaur warrior
  7139 | D:8      | Killed a centaur warrior
  7140 | D:8      | Reached skill level 8 in Polearms
  7199 | D:8      | Noticed a tengu warrior
  7280 | D:8      | HP: 2/64 [tengu warrior (7)]
  7280 | D:8      | Slain by a tengu warrior

Illustrated notes

Levels and vault maps discovered:
D:1:      lemuel_arrival_broad_hall, layout_loops_ring,
          chequers_ecumenical_altar_simple, minmay_misc_feat_pillars,
          minmay_misc_feat_tower
D:2:      layout_basic, st_stairs_2, minmay_divided_ellipse
D:3:      layout_basic
D:4:      layout_basic, serial_shops, shop, hangedman_decor_growths, uniq_pikel
D:5:      layout_gridville, minmay_temple_entry_offerings, minmay_ruined_shrine
D:6:      layout_gridville, uniq_crazy_yiuf_cottage
D:7:      layout_gridville, zin_purify, kennysheep_small_spiral
D:8:      cheibrodos_histonic, layout_rooms, uniq_grum

Skill      XL: |  1  2  3  4  5  6  7  8  9 10 |
---------------+-------------------------------+-----
Dodging        | 2 3 4 5 6 7 |  7.4
Polearms       | 2 4 7 8 |  8.5
Fighting       | 3 4 5 7 |  7.7
Spellcasting   | 1 2 3 4 |  4.0
Transmutations | 1 2 3 4 |  4.0
Crossbows      | |  2.0
Stealth        | |  5.3

Action                   |  1- 3 |  4- 6 |  7- 9 | 10-12 || total
-------------------------+-------+-------+-------+-------++-------
Melee: Spear             |    79 |    56 |   184 |    67 ||   386
       Tentacles         |    10 |    10 |    23 |       ||    43
       Constrict         |    10 |    11 |    37 |     2 ||    60
       Dagger            |       |    19 |       |       ||    19
 Fire: Hand crossbow     |       |    11 |    14 |     2 ||    27
Throw: Dart              |       |       |       |     1 ||     1
 Cast: Wereblood         |       |       |       |     1 ||     1
Invok: Ancestor Identity |     1 |       |       |       ||     1
       Ancestor Life: Ba |       |     1 |       |       ||     1
       Recall Ancestor   |       |       |     1 |       ||     1
Evoke: Wand              |       |       |       |     4 ||     4
  Use: Potion            |       |     1 |     1 |     7 ||     9
       Scroll            |       |       |     6 |     2 ||     8
 Stab: Sleeping          |    10 |     4 |    11 |       ||    25
       Distracted        |       |     1 |     3 |       ||     4
Armor: Skin              |     3 |    14 |     6 |    75 ||    98
Dodge: Dodged            |    23 |    24 |    66 |    29 ||   142
Block: Other             |       |     2 |    34 |    17 ||    53
       Reflection        |       |       |     1 |       ||     1

Table legend: (Time is in decaauts)
 A = Elapsed time spent in this place.
 B = Non-inter-level travel time spent in this place.
 C = Inter-level travel time spent in this place.
 D = Time resting spent in this place.
 E = Time spent auto-exploring this place.
 F = Levels seen in this place.
 G = Mean time per level.
                   A        B        C        D        E       F      G
               +--------+--------+--------+--------+--------+-----+--------+
         Total |   7211 |   7064 |    147 |   1324 |   4443 |   8 |  901.4 |
       Dungeon |   7211 |   7064 |    147 |   1324 |   4443 |   8 |  901.4 |
               +--------+--------+--------+--------+--------+-----+--------+

Top non-repeatable levels by time:
     D:2: 1330 daAuts
     D:7: 1263 daAuts
     D:1: 1093 daAuts
     D:6: 983 daAuts
     D:5: 884 daAuts
     D:3: 814 daAuts
     D:4: 601 daAuts
     D:8: 240 daAuts
